 Dungeon Crawl Stone Soup version 0.28.0 (webtiles) character file.

Game seed: 3695803310978218074

1179 AmazingTV the Covered (level 8, -23/70 HPs)
             Began as a Minotaur Fighter on July 7, 2022.
             Was a Believer of Okawaru.
             Annihilated by an ogre (41 damage)
             ... on level 6 of the Dungeon.
             The game lasted 00:11:19 (5049 turns).

AmazingTV the Covered (Minotaur Fighter)            Turns: 5049, Time: 00:11:20

Health: -23/70     AC: 13    Str: 23    XL:     8   Next: 18%
Magic:  17/17      EV: 10    Int:  5    God:    Okawaru [**....]
Gold:   98         SH:  0    Dex: 13    Spells: 7/7 levels left

rFire   . . .      SeeInvis .   a - +2 flail (venom) {mace}
rCold   . . .      Faith    .   z - orb {mayhem}
rNeg    . . .      Spirit   .   b - +0 scale mail
rPois   .          Reflect  .   (helmet restricted)
rElec   .          Harm     .   m - +0 cloak
rCorr   .          Rampage  .   G - +2 pair of gloves {Dex+3}
Will    .....                   e - +0 pair of boots
Stlth   ..........              (no amulet)
HPRegen 0.21/turn               H - ring of magical power
MPRegen 0.15/turn               (no ring)

@: no status effects
A: horns 2, retaliatory headbutt
a: Renounce Religion, Heroism


You were on level 6 of the Dungeon.
You worshipped Okawaru.
Okawaru was pleased with you.
You visited 2 branches of the dungeon, and saw 7 of its levels.

You collected 248 gold pieces.
You spent 150 gold pieces at shops.


Innate Abilities, Weirdness & Mutations

You have a pair of horns on your head.
You reflexively headbutt those who attack you in melee.


   Skills:
 + Level 6.2 Fighting
 + Level 5.5 Maces & Flails
 + Level 4.1 Throwing
 + Level 6.3 Armour
 + Level 6.1 Shields
 + Level 1.6 Invocations


You had 7 spell levels left.
You didn't know any spells.
Your spell library contained the following spells:

 Spells                   Type           Power      Damage    Failure   Level
 Gell's Gravitas          Tloc           0%         N/A       98%         3
 Lesser Beckoning         Tloc           0%         N/A       98%         3
 Teleport Other           Tloc           0%         N/A       98%         3

Inventory:

Hand Weapons
 a - a +2 flail of venom (weapon) {mace}
   (You took it off an orc on level 4 of the Dungeon)
 n - a +1 dagger of venom {short}
   (You took it off a kobold on level 2 of the Dungeon)
 p - a +0 flail {mace}
Missiles
 f - 39 bolts
 h - 78 stones (quivered)
 i - 11 boomerangs
 u - 14 arrows
 v - 2 throwing nets {=f!f}
 x - 5 atropa-tipped darts
Armour
 b - a +0 scale mail (worn)
 c - a +0 buckler
 e - a +0 pair of boots (worn)
   (You found it on level 1 of the Dungeon)
 m - a +0 cloak (worn)
   (You found it on level 2 of the Dungeon)
 z - an orb of mayhem (worn)
   (You found it on level 5 of the Dungeon)
 G - a +2 pair of gloves of dexterity (worn)
   (You bought it in a shop on level 6 of the Dungeon)
Magical Staves
 o - a staff of air {!astaff}
   (You found it on level 2 of the Dungeon)
Jewellery
 H - a ring of magical power (left hand)
   (You found it on level 6 of the Dungeon)
Wands
 D - a wand of charming (4)
   (You found it on level 5 of the Dungeon)
 F - a wand of paralysis (6)
   (You found it on level 5 of the Dungeon)
Scrolls
 g - 3 scrolls of identify {unknown}
 k - 2 scrolls of enchant weapon {unknown}
 l - a scroll of immolation {unknown}
 t - 2 scrolls of magic mapping {unknown}
 w - a scroll of amnesia {unknown}
 y - a scroll of fear {unknown}
 A - a scroll of blinking {unknown}
 B - a scroll of teleportation {unknown}
 C - a scroll of vulnerability {unknown}
 I - a scroll of silence {unknown}
Potions
 d - 3 potions of might
 j - 2 potions of invisibility {unknown}
 q - 3 potions of curing {unknown}
 r - a potion of heal wounds {unknown}
 s - a potion of haste {unknown}
 E - 2 potions of ambrosia {unknown}

Dungeon Overview and Level Annotations

Branches:
Dungeon (6/15)             Temple (1/1) D:4

Altars:
Ashenzari
Cheibriados
Dithmenos
Elyvilon
Fedhas
Gozag
Hepliaklqana
Kikubaaqudgha
Makhleb
Nemelex Xobeh
Okawaru
Qazlal
Ru
Sif Muna
Trog
Uskayaw
Vehumet
Wu Jian
Xom
Yredelemnul
Zin
The Shining One
Beogh

Shops:
D:5 [   D:6 [

Annotations:
D:4 3 runed translucent doors, CloudKeeper's ghost, amateur FoFi; arghonaut's ghost, amateur DrIE

.........#.......#......#
...8...8.#.......'......#
.........#########......#
########............#####
.#.....#............#
.'.....'............#
.##'####............#
##....###########'###
#....#... #....@.#
#....#....#.).O..#
#....#....†......#
#....#....#......#
#....#... #......#
#....### ########


You could see a neutral ogre (fast, strong, insane, very poisoned).


Message History

You now have 90 gold pieces (gained 7).
There is an open door here.
You open the door.
There is an open door here.
A centaur skeleton comes into view.
The centaur skeleton hits you but does no damage.
The centaur skeleton barely misses you.
The centaur skeleton completely misses you.
The centaur skeleton barely misses you.
You sock the centaur skeleton! You headbutt the centaur skeleton!
The centaur skeleton hits you.
The centaur skeleton barely misses you. 😕 HP[-3]
You take 3 damage, and now have 67/70 hp.
You hit the centaur skeleton.
You destroy the centaur skeleton!
Okawaru accepts your kill.
Your Throwing skill increases to level 4!
You open the door.
There is an open door here.
Found a stone staircase leading down. 😎 HP[+3] MP[+1]
Your hp is fully restored (70).
Your mp is fully restored (17).
You open the door.
There is an open door here.
You open the door.
There is an open door here.
You open the door. You open the door.
There is an open door here.
d - 3 potions of might (gained 2)
There is an open door here.
You open the door.
A sky beast comes into view.
The sky beast flickers out of sight!
Deactivating autopickup; reactivate with Ctrl-A.
No target in view!
No target in view!
Something hits you but does no damage.
You miss something. Your headbutt misses something. Something hits you.
Something shocks you. 😕 HP[-7]
You take 7 damage, and now have 63/70 hp.
You sock something! Your headbutt misses something. Something hits you.
Something shocks you.
Something hits you but does no damage. 😕 HP[-5]
You take 5 damage, and now have 58/70 hp.
You miss something. Okawaru accepts your kill.
Reactivating autopickup.
You feel a bit more experienced.
You open the door.
There is an open door here.
You open the door.
There is an open door here.
There is an open door here.
There is an open door here.
You open the door.
There is an open door here.
You open the door. You open the door.
There is an open door here.
I - a scroll labelled BYSHRU RIVUIBU 😎 HP[+12]
Your hp is fully restored (70).
You open the door.
There is an open door here.
You now have 98 gold pieces (gained 8).
You open the door.
There is an open door here.
As you open the door, it creaks loudly!
An adder and an ogre come into view.
The adder hisses angrily.
The ogre shouts!
You closely miss the adder. The adder bites you but does no damage.
The adder barely misses you.
You hit the adder.
The adder is poisoned.
The adder bites you but does no damage.
You closely miss the adder. Your headbutt misses the adder.
The adder barely misses you. You furiously retaliate!
You headbutt the adder!
You kill the adder!
Okawaru accepts your kill.
The ogre flies into a frenzy!
The ogre shouts!
You thump the ogre! The ogre barely misses you.
The ogre hits you with a +0 giant spiked club!! 😮 HP[-19]
You take 19 damage, and now have 51/70 hp.
MASSIVE DAMAGE!! (PAUSE)
You hit the ogre.
The ogre is poisoned.
The ogre barely misses you.
The ogre shouts!
The ogre barely misses you. 😮 HP[+1]
The ogre shouts!
The ogre hits you with a +0 giant spiked club!!
* * * LOW HITPOINT WARNING * * *
😨 HP[-34]
You take 34 damage, and now have 18/70 hp.
MASSIVE DAMAGE!! (PAUSE)
The ogre hits you with a +0 giant spiked club!!!
Ouch! That really hurt!
You die...

Skill      XL: |  1  2  3  4  5  6  7  8 |
---------------+-------------------------+-----
Fighting       | 4 5 6 |  6.2
Armour         | 4 5 6 |  6.3
Throwing       | 1 2 3 4 |  4.1
Shields        | 4 5 6 |  6.1
Maces & Flails | 3 4 5 |  5.5
Invocations    | 1 |  1.6

Action                   |  1- 3 |  4- 6 |  7- 9 || total
-------------------------+-------+-------+-------++-------
Melee: Flail             |   113 |    68 |    46 ||   227
       Headbutt          |    17 |    14 |     9 ||    40
Armor: Scale mail        |    64 |    41 |    33 ||   138
Dodge: Dodged            |    61 |    51 |    32 ||   144
Block: Buckler           |    28 |    21 |       ||    49

Levels and vault maps discovered:
D:1:      amcnicky_arrival_gap_in_the_tavern_cellar, layout_basic,
          hellmonk_ecumenical_altar_defaced_shrine
D:2:      layout_loops_ring, st_stairs_7
D:3:      layout_rooms, serial_corexii_hall, chequers_hall_statues_wall_a,
          corexii_hall_statues_l, chequers_hall_statues_y,
          chequers_hall_statues_corner_a, corexii_hall_statues_t,
          corexii_hall_statues_t, minmay_cut_off
D:4:      layout_cave_pods, temple_pool_b, gammafunk_ghost_cemetery,
          serial_column_ruins, column_ruins_hut, column_ruins_hut_pillars,
          column_ruins_grid_1, column_ruins_open_small, column_ruins_grid_1,
          column_ruins_grid_1, column_ruins_open_small
D:5:      layout_cave_pools, mainiacjoe_overflow_alcove_2, serial_shops, shop
D:6:      layout_gridville, serial_shops, nicolae_stop_n_shop_1
Temple:   grunt_wide_crystal_templ

Notes
Turn   | Place    | Note
-------+----------+-------------------------------------------
     0 | D:1      | AmazingTV the Minotaur Fighter began the quest for the Orb.
     0 | D:1      | Reached XP level 1. HP: 19/19 MP: 0/0
     0 | D:1      | magus.rc [v1.9.6]
   159 | D:1      | Reached XP level 2. HP: 19/27 MP: 1/1
   468 | D:1      | Found a faded altar of an unknown god.
   610 | D:1      | Reached skill level 4 in Fighting
   610 | D:1      | Reached skill level 4 in Armour
   687 | D:1      | Reached skill level 1 in Throwing
   693 | D:1      | Reached XP level 3. HP: 33/33 MP: 2/2
   742 | D:1      | Reached skill level 4 in Shields
   925 | D:1      | Reached skill level 3 in Maces & Flails
  1386 | D:2      | You pick up a book of Displacement and begin reading...
  1386 | D:2      | You add the spells Lesser Beckoning, Gell's Gravitas and
                  | Teleport Other to your library.
  1695 | D:3      | HP: 6/33 [acid (8)]
  1705 | D:3      | Reached XP level 4. HP: 9/40 MP: 3/3
  1943 | D:3      | You fall into a shaft and drop 1 floor!
  2067 | D:4      | Found a staircase to the Ecumenical Temple.
  2334 | D:4      | Reached XP level 5. HP: 43/47 MP: 4/4
  2529 | D:4      | Found a runed translucent gate.
  2530 | D:4      | Found a runed translucent gate.
  2531 | D:4      | Found a runed translucent gate.
  2548 | D:4      | Noticed CloudKeeper's ghost (amateur FoFi)
  2549 | D:4      | Noticed arghonaut's ghost (amateur DrIE)
  2610 | D:4      | Reached skill level 2 in Throwing
  3189 | Temple   | Entered the Ecumenical Temple
  3256 | Temple   | Became a worshipper of Warmaster Okawaru
  3319 | D:5      | Entered Level 5 of the Dungeon
  3337 | D:5      | Noticed a black bear
  3341 | D:5      | Noticed an ogre
  3357 | D:5      | Reached skill level 4 in Maces & Flails
  3357 | D:5      | Reached skill level 5 in Armour
  3357 | D:5      | Reached XP level 6. HP: 50/55 MP: 5/5
  3361 | D:5      | Reached skill level 5 in Fighting
  3361 | D:5      | Reached skill level 5 in Shields
  3377 | D:5      | Reached * piety under Okawaru
  3592 | D:5      | Reached skill level 3 in Throwing
  3596 | D:5      | Found Gees's Antique Armour Emporium.
  3629 | D:5      | Reached XP level 7. HP: 61/61 MP: 6/6
  3728 | D:5      | Found an ornate altar of the Wu Jian Council.
  4038 | D:6      | Reached skill level 5 in Maces & Flails
  4288 | D:6      | Found Qauw Fiu's Antique Armour Shop.
  4296 | D:6      | Bought a pair of glowing gloves for 150 gold pieces
  4452 | D:6      | Reached skill level 6 in Fighting
  4452 | D:6      | Reached skill level 6 in Armour
  4452 | D:6      | Reached skill level 1 in Invocations
  4480 | D:6      | Reached ** piety under Okawaru
  4481 | D:6      | Reached skill level 6 in Shields
  4481 | D:6      | Reached XP level 8. HP: 50/70 MP: 7/7
  4671 | D:6      | Reached skill level 4 in Throwing
  5049 | D:6      | Annihilated by an ogre

Vanquished Creatures
  A water moccasin (D:6)
  2 black bears
  A sky beast (D:6)
  A necrophage (D:5)
  2 ogres
  2 scorpions (D:5)
  A centaur zombie (D:4)
  2 bullfrog zombies (D:5)
  A bullfrog skeleton (D:5)
  A centaur skeleton (D:6)
  2 jellies
  A gnoll shaman (D:4)
  An iguana (D:4)
  5 gnolls (D:4)
  5 adders
  An ufetubus (D:6)
  3 dart slugs (D:1)
  2 orcs (D:4)
  4 endoplasms
  2 giant cockroaches (D:4)
  A goblin (D:2)
  5 hobgoblins
  9 jackals
  11 kobolds
  5 quokkas
  3 ball pythons
  6 bats
  A frilled lizard (D:2)
  8 rats
89 creatures vanquished.

Table legend:
 A = Non-vault XP
 B = Vault XP
 C = Vault XP percentage of total XP
 D = Non-vault monster count
 E = Vault monster count
 F = Vault count percentage of total count
                 A         B        C        D         E       F
            +---------+---------+-------+---------+---------+-------
      Total |    1672 |      13 |   0.8 |      84 |       5 |   5.6
            +---------+---------+-------+---------+---------+-------
        D:1 |      47 |       9 |  16.1 |      29 |       3 |   9.4
        D:2 |      15 |       2 |  11.8 |      10 |       1 |   9.1
        D:3 |      42 |       0 |   0.0 |       1 |       0 |   0.0
        D:4 |     217 |       2 |   0.9 |      20 |       1 |   4.8
        D:5 |     721 |       0 |   0.0 |      16 |       0 |   0.0
        D:6 |     630 |       0 |   0.0 |       8 |       0 |   0.0
            +---------+---------+-------+---------+---------+-------

Illustrated notes

Table legend:
 A = Kills in this place as a percentage of kills in entire the game.
 B = Kills by you in this place as a percentage of kills by you in the entire game.
 C = Kills by friends in this place as a percentage of kills by friends in the entire game.
 D = Other kills in this place as a percentage of other kills in the entire game.
 E = Experience gained in this place as a percentage of experience gained in the entire game.
 F = Experience gained in this place divided by the number of levels of this place that you have seen.
                   A       B       C       D       E      F
               +-------+-------+-------+-------+-------+----------------------
         Total | 100.0 | 100.0 |   N/A |   N/A | 100.0 | 240.7
       Dungeon | 100.0 | 100.0 |   N/A |   N/A | 100.0 | 280.8
               +-------+-------+-------+-------+-------+----------------------

Table legend: (Time is in decaauts)
 A = Elapsed time spent in this place.
 B = Non-inter-level travel time spent in this place.
 C = Inter-level travel time spent in this place.
 D = Time resting spent in this place.
 E = Time spent auto-exploring this place.
 F = Levels seen in this place.
 G = Mean time per level.
                   A        B        C        D        E       F      G
               +--------+--------+--------+--------+--------+-----+--------+
         Total |   5103 |   4949 |    154 |    707 |   3562 |   7 |  729.0 |
       Dungeon |   5023 |   4898 |    125 |    707 |   3527 |   6 |  837.2 |
        Temple |     80 |     51 |     29 |      0 |     35 |   1 |   80.0 |
               +--------+--------+--------+--------+--------+-----+--------+

Top non-repeatable levels by time:
     D:4: 1305 daAuts
     D:1: 1023 daAuts
     D:6: 1016 daAuts
     D:5: 726 daAuts
     D:2: 679 daAuts
     D:3: 272 daAuts
  Temple: 80 daAuts
